 Dungeon Sprint DCSS version 0.21-a0-94-gdd6ab6a (webtiles) character file.

26109 Kidiri the Unseen (level 12, -12/65 HPs)
             Began as a Spriggan Enchanter on July 1, 2017.
             Was the Champion of Dithmenos.
             Mangled by a phantasmal warrior (35 damage)
             ... summoned by a mummy priest
             ... in the Dungeon (Sprint I: "Red Sonja").
             The game lasted 00:20:06 (3096 turns).

Kidiri the Unseen (Spriggan Enchanter)              Turns: 3096, Time: 00:20:08

Health: -12/65     AC:  0    Str:  8    XL:     12   Next: 95%
Magic:  23/33      EV: 35    Int: 22    God:    Dithmenos [******]
Gold:   2163       SH:  8    Dex: 19    Spells: 31/43 levels left

rFire    . . .     SeeInvis +   a - +1 dagger
rCold    . . .     Gourm    .   b - +0 buckler
rNeg     + . .     Faith    .   q - +2 robe {rN+}
rPois    .         Spirit   .   (helmet restricted)
rElec    .         Reflect  .   u - scarf "Nynk" {+Blink MR++ Str+4 Slay+5}
rCorr    .         Harm     .   (gloves unavailable)
MR       ++++.     NoTele   +   (boots unavailable)
Stlth    ++++++++++             (no amulet)
HPRegen  0.20/turn              k - +3 ring of intelligence
MPRegen  0.23/turn              y - ring of flight

@: corroded, flying, wreathed by umbra, very quick
A: unfitting armour, see invisible, herbivore 3, speed 3, slow metabolism 2
a: Shadow Step, Shadow Form, Renounce Religion, Evoke Blink, Stop Flying


You were in the Dungeon.
You worshipped Dithmenos.
Dithmenos was exalted by your worship.
You were not hungry.

You visited 1 branch You collected 4115 gold pieces.
You spent 1952 gold pieces at shops.

Inventory:

Hand Weapons
 a - a +1 dagger (weapon)
Armour
 b - a +0 buckler (worn)
 l - a +0 troll leather armour
 q - a +2 robe of positive energy (worn)
 u - the scarf "Nynk" (worn) {+Blink MR++ Str+4 Slay+5}
   (You bought it in a shop in the Dungeon)

   It affects your strength (+4).
   It affects your accuracy and damage with ranged weapons and melee attacks
   (+5).
   It affects your resistance to hostile enchantments.
   It lets you blink.
Jewellery
 i - an uncursed ring of ice
 k - a +3 ring of intelligence (left hand)
 n - an uncursed ring of magical power
 o - an uncursed ring of protection from fire
 v - an uncursed ring of poison resistance
 y - a ring of flight (right hand)
Wands
 p - a wand of digging (18/24)
 z - a wand of confusion (30/48)
Scrolls
 e - 2 scrolls of fear
 j - a scroll of blinking
 w - a scroll of remove curse
 x - a scroll of silence {unknown}
Potions
 g - a potion of haste
 h - 2 potions of magic
 r - 2 potions of curing
 t - a potion of flight
 A - 2 potions of resistance
Books
 c - a book of Maledictions

   Spells                             Type                      Level
   a - Corona                         Hexes                        1
   b - Ensorcelled Hibernation        Hexes/Ice                    2
   c - Confuse                        Hexes                        3
   d - Tukima's Dance                 Hexes                        3
   e - Dazzling Spray                 Conjuration/Hexes            3
Comestibles
 d - 3 bread rations
 m - a royal jelly
 s - 4 fruits


   Skills:
 + Level 8.5 Fighting
 * Level 15.0 Short Blades
 + Level 7.8 Armour
 * Level 18.8 Dodging
 * Level 20.2 Stealth
 + Level 5.0 Shields
 * Level 16.3 Spellcasting
 + Level 12.4 Hexes
 + Level 9.2 Invocations


You had 31 spell levels left.
You knew the following spells:

 Your Spells              Type           Power        Failure   Level  Hunger
a - Corona                Hex            ######.      1%          1    None
b - Ensorcelled Hibernat  Hex/Ice        #####.       1%          2    None
c - Confuse               Hex            ######..     1%          3    None
d - Tukima's Dance        Hex            ######..     1%          3    None
e - Dazzling Spray        Conj/Hex       #####.       1%          3    None


Dungeon Overview and Level Annotations

Branches:
Dungeon (1/1)

Altars:
Cheibriados
Dithmenos
Elyvilon
Fedhas
Gozag
Hepliaklqana
Kikubaaqudgha
Makhleb
Nemelex Xobeh
Okawaru
Qazlal
Ru
Sif Muna
Trog
Uskayaw
Vehumet
Wu Jian
Xom
Yredelemnul
Zin
The Shining One
Jiyva
Lugonu

Shops:
D }=}[(*!([*=?:[[[=[

Annotations:
D exclusion: oklob plant, Tiamat


Innate Abilities, Weirdness & Mutations

You are very small and have problems with some larger weapons.
You are too small for most types of armour.
You have supernaturally acute eyesight. (SInv)
You are a herbivore.
You cover ground extremely quickly.
You need consume almost no food.


Message History

The oklob plant is lightly damaged.
The oklob plant spits acid at you. The splash of acid hits you!
The acid corrodes you!
You are splashed with acid!
The acid burns!
The ball python skeleton completely misses you.
You block the ball python skeleton's attack.
The phantasmal warrior misses you.
The quokka simulacrum completely misses you.
Casting: Dazzling Spray
Confirm with . or Enter, or press ? or * to list all spells.
Aiming: Dazzling Spray
Press: ? - help, Shift-Dir - straight line, f/p - mummy priest
Aim: a mummy priest (black smoke, heavily damaged, umbra)
The spray of energy hits the mummy priest.
The mummy priest is heavily damaged.
The spray of energy hits the oklob plant.
The oklob plant is lightly damaged.
The mummy priest hits you! The phantasmal warrior hits you!!
Ouch! That really hurt!
You die...

§'§#+#.###+#§..##..#§§§.§#...#
####^..#y#.##...#..##§§§§#[∩/#
..^#...###..###.#..≈###+##...#
..§+.....##.#A#.#..≈.=#.####+#
.).#.....#..###.#.)≈)##+#.§§§##
§§§###++##.##...#..≈##§§...§§§##
§§###.§###..#+###W§≈#.§§§§..§..#
^§####§§###...#PZV§##..§.§.....##
#+#..#..#§###.#M@WZ#.....%:.....#
#.#.§.......#.###Z.#.....}......#
###..§......#.# +§§##^.^...^...##
?(+......####+# ##+##..........#
####...###....# ##........##
(..#####...#### ##.)[(..##
()...)...### ######## .....#####
..).##


You could see a mummy priest, a jiangshi, an oklob plant, a phantasmal warrior,
a hungry ghost, a quokka simulacrum, a bat zombie and a ball python skeleton.

Vanquished Creatures
  A golden dragon (D)
  A shadow dragon (D)
  4 fire giants (D)
  A lorocyproca (D)
  A deep elf annihilator (D)
  A hydra (D)
  2 centaur warriors (D)
  Sonja (D)
  A deep troll (D)
  7 unseen horrors (D)
  A lindwurm (D)
  An oklob plant (D)
  2 merfolk sirens (D)
  A gargoyle (D)
  2 kobold demonologists (D)
  4 demonic crawlers (D)
  A hellwing (D)
  A slime creature (D)
  5 hornets (D)
  A yak (D)
  Sigmund (D)
  2 redbacks (D)
  13 hogs (D)
  3 floating eyes (D)
  7 necrophages (D)
  An ogre (D)
  8 jellies (D)
  Ijyb (D)
  3 ballistomycetes (D)
  A ballistomycete spore (D)
79 creatures vanquished.

Vanquished Creatures (others)
  A gargoyle (D)
  A ballistomycete spore (D)
2 creatures vanquished.

Grand Total: 81 creatures vanquished

Notes
Turn   | Place    | Note
-------+----------+-------------------------------------------
     0 | D        | Kidiri the Spriggan Enchanter began the quest for the Orb.
     0 | D        | Reached XP level 1. HP: 9/9 MP: 5/5
     2 | D        | Noticed Ijyb
    14 | D        | Killed Ijyb
    14 | D        | Reached skill level 1 in Fighting
    14 | D        | Reached skill level 5 in Stealth
    14 | D        | Reached XP level 2. HP: 14/14 MP: 4/7
    62 | D        | Learned a level 2 spell: Ensorcelled Hibernation
    66 | D        | Noticed an ogre
    68 | D        | Killed an ogre
    68 | D        | Reached skill level 1 in Armour
    68 | D        | Reached skill level 7 in Stealth
    68 | D        | Reached skill level 5 in Spellcasting
    68 | D        | Reached XP level 3. HP: 18/18 MP: 7/10
    68 | D        | Reached XP level 4. HP: 23/23 MP: 8/12
   106 | D        | Learned a level 3 spell: Confuse
   110 | D        | Learned a level 3 spell: Tukima's Dance
   114 | D        | Learned a level 3 spell: Dazzling Spray
   115 | D        | Noticed Sigmund
   117 | D        | Killed Sigmund
   117 | D        | Reached skill level 5 in Short Blades
   117 | D        | Reached skill level 9 in Stealth
   117 | D        | Reached skill level 5 in Hexes
   117 | D        | Reached XP level 5. HP: 27/27 MP: 13/15
   130 | D        | Found an ornate altar of the Wu Jian Council.
   130 | D        | Found a deep blue altar of Sif Muna.
   132 | D        | Found a radiant altar of Vehumet.
   136 | D        | Reached XP level 6. HP: 32/32 MP: 15/17
   173 | D        | Found Toyhoxt's Jewellery Emporium.
   173 | D        | Found an ancient bone altar of Kikubaaqudgha.
   173 | D        | Found a hazy altar of Hepliaklqana.
   173 | D        | Found a stormy altar of Qazlal.
   173 | D        | Found a hide-covered altar of Uskayaw.
   173 | D        | Found a blossoming altar of Fedhas.
   173 | D        | Found a bloodstained altar of Trog.
   173 | D        | Found an iron altar of Okawaru.
   173 | D        | Found a basalt altar of Yredelemnul.
   173 | D        | Found a glowing golden altar of the Shining One.
   173 | D        | Found a snail-covered altar of Cheibriados.
   173 | D        | Found a sacrificial altar of Ru.
   173 | D        | Found a glowing silver altar of Zin.
   173 | D        | Found a shadowy altar of Dithmenos.
   173 | D        | Found a white marble altar of Elyvilon.
   173 | D        | Noticed a yak
   174 | D        | Found an opulent altar of Gozag.
   175 | D        | Killed a yak
   175 | D        | Reached skill level 10 in Stealth
   176 | D        | Found a sparkling altar of Nemelex Xobeh.
   184 | D        | Became a worshipper of Dithmenos the Shadowed
   189 | D        | Bought a +3 ring of intelligence for 204 gold pieces
   200 | D        | Noticed Sonja
   205 | D        | Killed Sonja
   205 | D        | Reached skill level 10 in Dodging
   205 | D        | Reached skill level 11 in Stealth
   205 | D        | Reached XP level 7. HP: 37/37 MP: 15/20
   205 | D        | Reached XP level 8. HP: 42/42 MP: 16/22
   221 | D        | Found Nucezav's Gadget Boutique.
   252 | D        | Noticed a deep troll
   271 | D        | Killed a deep troll
   271 | D        | Reached skill level 12 in Stealth
   271 | D        | Reached skill level 10 in Spellcasting
   298 | D        | Found Xikepn's Armour Emporium.
   375 | D        | Noticed a centaur warrior
   375 | D        | Noticed a centaur warrior
   378 | D        | Killed a centaur warrior
   378 | D        | Reached * piety under Dithmenos
   378 | D        | Reached skill level 5 in Fighting
   378 | D        | Reached skill level 13 in Stealth
   378 | D        | Reached XP level 9. HP: 47/47 MP: 24/24
   380 | D        | Killed a centaur warrior
   380 | D        | Reached skill level 10 in Short Blades
   380 | D        | Reached skill level 14 in Stealth
   382 | D        | Killed a gargoyle
   407 | D        | Noticed an oklob plant
   409 | D        | Killed an oklob plant
   409 | D        | Reached ** piety under Dithmenos
   409 | D        | Reached skill level 5 in Armour
   409 | D        | Reached skill level 5 in Invocations
   443 | D        | Noticed an unseen horror
   444 | D        | Noticed an unseen horror
   450 | D        | Killed an unseen horror
   450 | D        | Reached *** piety under Dithmenos
   450 | D        | Reached skill level 15 in Stealth
   450 | D        | Reached XP level 10. HP: 53/53 MP: 26/26
   453 | D        | Killed an unseen horror
   477 | D        | Reached **** piety under Dithmenos
   679 | D        | Reached ***** piety under Dithmenos
   718 | D        | Found Deorech's Armour Shoppe.
   718 | D        | Found Bachaf's Gadget Shop.
   718 | D        | Found Heumilukk's Antique Weapon Boutique.
   720 | D        | Found Pottig's General Store.
   720 | D        | Found Ceasix's Distillery.
   720 | D        | Found Mogi Say's Antique Weapon Shoppe.
   720 | D        | Found Impu Ifo's Armour Boutique.
   720 | D        | Found Tyidilan's Assorted Antiques.
   720 | D        | Found Xelecer's Jewellery Shop.
   720 | D        | Found Ugoematig's Magic Scroll Shoppe.
   724 | D        | Found Imudwoc's Book Boutique.
   725 | D        | Bought a scroll of identify for 24 gold pieces
   725 | D        | Found Muosoh's Antique Armour Emporium.
   725 | D        | Found Rucras's Antique Armour Boutique.
   726 | D        | Found Tufyaze's Jewellery Emporium.
   733 | D        | Bought a buckler for 94 gold pieces
   934 | D        | Found a burning altar of Makhleb.
   934 | D        | Found a viscous altar of Jiyva.
   934 | D        | Found a shimmering altar of Xom.
   934 | D        | Found a corrupted altar of Lugonu.
   954 | D        | Reached skill level 16 in Stealth
   974 | D        | Reached ****** piety under Dithmenos
   974 | D        | Reached skill level 1 in Shields
   974 | D        | Reached skill level 10 in Hexes
   981 | D        | Reached skill level 15 in Dodging
  1095 | D        | Noticed a lindwurm
  1097 | D        | Killed a lindwurm
  1097 | D        | Reached XP level 11. HP: 58/58 MP: 29/29
  1136 | D        | Reached skill level 17 in Stealth
  1212 | D        | Noticed a 12-headed hydra
  1214 | D        | Killed a 12-headed hydra
  1308 | D        | Bought the scarf "Nynk" {+Blink MR++ Str+4 Slay+5} for 795 gold pieces
  1323 | D        | Bought an uncursed ring of poison resistance for 260 gold pieces
  1464 | D        | Noticed a lorocyproca
  1466 | D        | Killed a lorocyproca
  1873 | D        | Bought an uncursed ring of ice for 325 gold pieces
  1877 | D        | Bought an uncursed ring of protection from fire for 250 gold pieces
  2050 | D        | Noticed a shadow dragon
  2050 | D        | Noticed a golden dragon
  2052 | D        | Killed a golden dragon
  2052 | D        | Reached skill level 18 in Stealth
  2054 | D        | Killed a shadow dragon
  2054 | D        | Reached XP level 12. HP: 63/63 MP: 31/31
  2129 | D        | Found Juehuxon's Antique Armour Shoppe.
  2198 | D        | Noticed a daeva
  2204 | D        | Reached skill level 15 in Spellcasting
  2210 | D        | Reached skill level 19 in Stealth
  2277 | D        | Noticed a fire giant
  2279 | D        | Noticed a fire giant
  2279 | D        | Noticed a fire giant
  2279 | D        | Noticed a fire giant
  2280 | D        | Killed a fire giant
  2282 | D        | Killed a fire giant
  2283 | D        | Killed a fire giant
  2285 | D        | Killed a fire giant
  2295 | D        | Noticed Tiamat
  3077 | D        | Noticed a deep elf annihilator
  3077 | D        | Noticed a mummy priest
  3080 | D        | Killed a deep elf annihilator
  3080 | D        | Reached skill level 20 in Stealth
  3087 | D        | Reached skill level 5 in Shields
  3088 | D        | Reached skill level 15 in Short Blades
  3094 | D        | Noticed a jiangshi
  3096 | D        | Mangled by a phantasmal warrior

Vault maps used:
D:        dungeon_sprint_1

Skill      XL: |  1  2  3  4  5  6  7  8  9 10 11 12 |
---------------+-------------------------------------+-----
Fighting       | 1 2 4 5 6 7 8 |  8.5
Short Blades   | 2 4 5 8 9 10 12 13 15 | 15.0
Dodging        | 4 6 8 10 12 13 15 17 18 | 18.8
Stealth        | 5 7 9 11 13 15 16 18 20 | 20.2
Spellcasting   | 3 5 6 7 9 10 11 13 14 16 | 16.3
Hexes          | 4 5 7 8 9 10 11 12 | 12.4
Armour         | 1 2 3 4 5 6 7 |  7.8
Invocations    | 2 4 5 6 8 9 |  9.2
Shields        | 1 3 5 |  5.0

Action                   |  1- 3 |  4- 6 |  7- 9 | 10-12 || total
-------------------------+-------+-------+-------+-------++-------
Melee: Dagger            |     9 |     4 |     8 |   103 ||   124
 Cast: Corona            |     1 |       |       |       ||     1
       Ensorcelled Hiber |       |     1 |     6 |    14 ||    21
       Dazzling Spray    |       |       |       |    17 ||    17
       Confuse           |       |       |       |     5 ||     5
Invok: Shadow Step       |       |       |       |    10 ||    10
 Abil: Evoke Flight      |       |       |       |     1 ||     1
  Use: Potion            |     2 |       |       |     1 ||     3
       Scroll            |       |       |       |     6 ||     6
 Stab: Sleeping          |     1 |     4 |     8 |    49 ||    62
       Invisible         |       |       |       |     4 ||     4
       Confused          |       |       |       |     2 ||     2
Armor: Robe              |       |       |       |     6 ||     6
Dodge: Dodged            |     6 |     1 |       |    77 ||    84
Block: Buckler           |       |       |       |    19 ||    19
